 Dungeon Crawl Stone Soup version 0.20-a0-618-gbb8d3ca (webtiles) character file.

210 Laan the Shield-Bearer (level 5, -10/34 HPs)
             Began as a Gargoyle Fighter on Feb 9, 2017.
             Was an Initiate of the Shining One.
             Mangled by an ogre
             ... wielding a +0 giant club
              (13 damage)
             ... on level 4 of the Dungeon.
             The game lasted 00:06:22 (2979 turns).

Laan the Shield-Bearer (Gargoyle Fighter)           Turns: 2979, Time: 00:06:23

Health: -10/34     AC: 17    Str: 20    XL:     5   Next: 88%
Magic:  5/5        EV:  3    Int:  9    God:    the Shining One [......]
Gold:   93         SH: 11    Dex:  9    Spells: 4/4 levels left

rFire    . . .     SeeInvis .   a - +0 trident
rCold    . . .     Gourm    .   m - +0 plate armour
rNeg     + . .     Faith    .   p - +2 shield
rPois    ∞         Spirit   .   y - +0 helmet
rElec    +         Reflect  .   (no cloak)
rCorr    .         Harm     .   (no gloves)
MR       .....                  (no boots)
Stlth    ..........             (no amulet)
Regen    0.2/turn               (no ring)
                                (no ring)

@: glowing
A: negative energy resistance 1, electricity resistance, unbreathing,
petrification resistance, rot immunity, AC +4
a: Renounce Religion


You were on level 4 of the Dungeon.
You worshipped the Shining One.
The Shining One was noncommittal.
You were near starving.

You visited 2 branches of the dungeon, and saw 5 of its levels.

You collected 93 gold pieces.

Inventory:

Hand Weapons
 a - a +0 trident (weapon)
Armour
 m - a +0 plate armour (worn)
 p - a +2 shield (worn)
 y - a +0 helmet (worn)
Jewellery
 s - an uncursed amulet of regeneration {unknown}
Wands
 x - a wand of lightning (5/15)
Scrolls
 c - a scroll of remove curse {unknown}
 e - 2 scrolls of magic mapping {unknown}
 g - 6 scrolls of identify {unknown}
 k - 2 scrolls of recharging {unknown}
 n - 2 scrolls of fog {unknown}
 q - a scroll of enchant weapon {unknown}
 t - a scroll of immolation {unknown}
 u - 2 scrolls of enchant armour {unknown}
 v - a scroll of blinking {unknown}
 w - a scroll of amnesia {unknown}
Potions
 b - 2 potions of beneficial mutation {unknown}
 d - a potion of might
 h - a potion of lignification {unknown}
 i - a potion of flight {unknown}
 j - 2 potions of heal wounds {unknown}
 l - 4 potions of curing
 o - a potion of haste {unknown}
 A - a potion of agility {unknown}
Comestibles
 f - 2 bread rations
 r - a meat ration
 z - a royal jelly


   Skills:
 + Level 4.5 Fighting
 * Level 3.3 Polearms
 + Level 4.0 Armour
 + Level 4.5 Shields


You had 4 spell levels left.
You didn't know any spells.

Dungeon Overview and Level Annotations

Branches:
Dungeon (4/15)             Temple (1/1) D:4

Altars:
Ashenzari
Cheibriados
Dithmenos
Gozag
Kikubaaqudgha
Qazlal
Sif Muna
Trog
Uskayaw
Zin
The Shining One


Innate Abilities, Weirdness & Mutations

You are resistant to torment.
Your stone body is resilient. (AC +4)
You are immune to poison.
You resist negative energy. (rN+)
You are resistant to electric shocks. (rElec)
You can survive without breathing.
You are immune to petrification.
You are immune to rotting.


Message History

The ogre is moderately wounded.
The ogre hits you with a giant club!
You hit the ogre.
The ogre is heavily wounded.
The ogre hits you with a giant club!!
Ouch! That really hurt!
* * * LOW HITPOINT WARNING * * *
You are too injured to fight recklessly!
You are too injured to fight recklessly!
You closely miss the ogre.
The ogre is heavily wounded.
The ogre hits you but does no damage.
You barely miss the ogre.
The ogre is heavily wounded.
The ogre hits you with a giant club.
* * * LOW HITPOINT WARNING * * *
You hit the ogre.
The ogre is heavily wounded.
The ogre hits you with a giant club!
You die...

....######..
............#. ##
............... ..
....######..#.# .#
#...........#.# .##
....######..... .. ....#
#.#.# .# #.#.#####
#.#.###.###### ........#
#.....@O......
#.#.#########.##########
......................
###.#########.########
#.# #.### ###.######
#...# .........######.#
########........# #
#.########


You could see an ogre.

Vanquished Creatures
  A howler monkey (D:3)
  Terence (D:2)
  6 adders
  3 worms (D:3)
  3 dart slugs
  5 leopard geckos
  5 orcs (D:3)
  A ball python (D:1)
  7 goblins
  6 hobgoblins
  11 jackals
  4 kobolds
  3 quokkas
  4 bats (D:1)
  5 frilled lizards
  2 rats
67 creatures vanquished.

Notes
Turn   | Place    | Note
-------+----------+-------------------------------------------
     0 | D:1      | Laan the Gargoyle Fighter began the quest for the Orb.
     0 | D:1      | Reached XP level 1. HP: 14/14 MP: 1/1
   217 | D:1      | Reached XP level 2. HP: 19/19 MP: 2/2
   789 | D:2      | Reached XP level 3. HP: 23/24 MP: 3/3
   918 | D:2      | Noticed Terence
   930 | D:2      | Killed Terence
   930 | D:2      | Reached XP level 4. HP: 28/29 MP: 4/4
  1573 | D:2      | Reached XP level 5. HP: 32/33 MP: 5/5
  2740 | D:4      | Found a staircase to the Ecumenical Temple.
  2763 | Temple   | Entered the Ecumenical Temple
  2781 | Temple   | Became a worshipper of the Shining One
  2971 | D:4      | Noticed an ogre
  2979 | D:4      | Mangled by an ogre

Vault maps used:
D:1:      minmay_arrival_four_houses
D:2:      lemuel_upstairs_altar, first_bread, uniq_terence
D:4:      fedhas_altar_fruit_tree, minmay_temple_entry_crystal_x
Temple:   cyrus_circular_temple

Skill      XL: |  1  2  3  4  5 |
---------------+----------------+-----
Polearms       | 2 3 |  3.3
Fighting       | 4 |  4.5
Shields        | 4 |  4.5
Armour         | 4 |  4.0

Action                   |  1- 3 |  4- 6 || total
-------------------------+-------+-------++-------
Melee: Trident           |   136 |   302 ||   438
  Eat: Chunk             |       |     6 ||     6
Armor: Scale mail        |    21 |       ||    21
       Plate armour      |    72 |   236 ||   308
Dodge: Dodged            |    14 |    33 ||    47
Block: Shield            |    68 |   210 ||   278
